 Dungeon Crawl Stone Soup version 0.29-a0-581-ge9a90b7 (webtiles) character file.

Game seed: 13042401571628872896

3623 Illumine the Cleaver (level 10, -1/89 HPs)
             Began as a Meteoran Cinder Acolyte on June 14, 2022.
             Was an Elder of Ignis.
             Slain by Harold
             ... wielding a +0 trident
              (13 damage)
             ... on level 9 of the Dungeon.
             The game lasted 00:11:26 (3041 turns).

Illumine the Cleaver (Meteoran Cinder Acolyte)      Turns: 3041, Time: 00:11:26

Health: -1/89      AC: 24    Str: 17    XL:     10   Next: 58%
Magic:  15/15      EV:  7    Int: 20    God:    Ignis [****..]
Gold:   151        SH:  0    Dex: 11    Spells: 13/15 levels left

rFire   + + .      SeeInvis .   a - -1 hand axe (flame)
rCold   . . .      Faith    .   (no shield)
rNeg    . . .      Spirit   .   r - +7 chain mail "Zups" {rElec Will+ Int+2}
rPois   +          Reflect  .   (no helmet)
rElec   +          Harm     .   p - scarf {shadows}
rCorr   .          Rampage  .   (no gloves)
Will    ++...                   (no boots)
Stlth   ..........              f - amulet of the acrobat
HPRegen 0.24/turn               E - ring of protection from fire
MPRegen 0.14/turn               H - ring of poison resistance

@: mighty, fiery-armoured, glowing, studying Long Blades
A: sense surroundings 2, otherworldly, glowing, explore regen
a: Renounce Religion, Fiery Armour, Foxfire Swarm


You were on level 9 of the Dungeon.
You worshipped Ignis.
Ignis was greatly pleased with you.
You visited 1 branch of the dungeon, and saw 9 of its levels.

You collected 151 gold pieces.

Inventory:

Hand Weapons
 a - a -1 hand axe of flaming (weapon)
 o - a +0 hunting sling
Missiles
 k - 4 atropa-tipped darts (quivered)
 y - 5 javelins
Armour
 b - a +0 robe
 e - a +0 ring mail
 p - a scarf of shadows (worn)
 r - the +7 chain mail "Zups" (worn) {rElec Will+ Int+2}
   (You found it on level 4 of the Dungeon)

   Int:       It affects your intelligence (+2).
   rElec:     It insulates you from electricity.
   Will:      It increases your willpower.
 F - a +0 buckler
Jewellery
 f - an amulet of the acrobat (around neck)
 D - the ring of Gohaukuw {Ice rN+}
   (You found it on level 7 of the Dungeon)

   [ring of ice]

   It enhances your ice magic.
   rF:        It makes you vulnerable to fire.
   rC:        It protects you from cold.
   rN:        It protects you from negative energy.
 E - a ring of protection from fire (left hand)
 H - a ring of poison resistance (right hand)
Scrolls
 c - a scroll of teleportation
 g - 3 scrolls of blinking
 i - a scroll of identify
 n - 2 scrolls of amnesia {unknown}
 t - a scroll of noise {unknown}
 w - a scroll of torment {unknown}
 x - 2 scrolls of vulnerability
 z - a scroll of fog {unknown}
 A - a scroll of fear {unknown}
 I - a scroll of enchant armour {unknown}
Potions
 d - 2 potions of curing
 h - 2 potions of magic
 j - a potion of heal wounds {unknown}
 l - a potion of might
 m - 2 potions of degeneration {unknown}
 q - a potion of attraction {unknown}
 s - 2 potions of mutation {unknown}
 u - a potion of flight {unknown}
 v - a potion of lignification {unknown}
 B - 2 potions of haste {unknown}
 C - a potion of cancellation {unknown}
Miscellaneous
 G - a box of beasts


   Skills:
 + Level 8.3 Fighting
 * Level 12.1 Axes
 + Level 7.5 Armour
 + Level 2.7 Shields
 - Level 3.0 Spellcasting
 - Level 4.5 Fire Magic


You had 13 spell levels left.
You knew the following spells:

 Your Spells              Type           Power      Damage    Failure   Level
a - Scorch                Fire           42%        2d7       36%         2

Your spell library contained the following spells:

 Spells                   Type           Power      Damage    Failure   Level
 Ensorcelled Hibernation  Hex/Ice        6%         N/A       94%         2
 Portal Projectile        Hex/Tloc       6%         N/A       99%         3
 Spider Form              Tmut/Pois      3%         N/A       99%         3
 Tukima's Dance           Hex            3%         N/A       99%         3
 Anguish                  Hex/Necr       1%         N/A       100%        4
 Blade Hands              Tmut           1%         N/A       100%        5


Dungeon Overview and Level Annotations

Branches:
Dungeon (9/15)             Temple (0/1) D:6
   Lair: D:8-11         Orc: D:9-12

Altars:
Gozag
Kikubaaqudgha
Qazlal
Uskayaw
Vehumet
Xom
Yredelemnul
The Shining One

Annotations:
D:4 Menkaure
D:8 Grum
D:9 Erolcha, Harold


Innate Abilities, Weirdness & Mutations

You passively map the area around you.
You are easily found by Zot.
You glow in the dark.
You regain HP and MP as you explore.


Message History

Harold hits you with a +0 trident!
* * * LOW HITPOINT WARNING * * *
Harold completely resists.
Unknown command.
It was a potion of might.
You feel very mighty all of a sudden. Harold hits you but does no damage.
Harold resists.
Harold is burned by your cloak of flames.
Harold is lightly wounded.
You hit Harold.
Harold is lightly wounded.
You barely miss Harold.
Harold is lightly wounded.
Harold points at you and mumbles some strange words.
You barely resist. You barely miss Harold.
Harold is lightly wounded.
The howler monkey hoots and howls with incredible vigour!
Harold hits you but does no damage.
Harold resists.
Harold is burned by your cloak of flames.
Harold is lightly wounded.
You hear a shout!
You closely miss Harold.
Harold is lightly wounded.
Unknown command.
You slash Harold! You burn Harold.
Harold is moderately wounded.
The howler monkey hoots and howls with incredible vigour!
Harold hits you but does no damage.
Harold resists.
Harold is burned by your cloak of flames.
Harold is moderately wounded.
Unknown command.
You hit Harold.
Harold is moderately wounded.
Harold closely misses you.
Unknown command.
You hit Harold. You burn Harold.
Harold is heavily wounded.
Harold hits you with a +0 trident!
You die...

* , , # , ,, # , , *
** ###.# ., ....#
**#.#, * ##### ...#
## ####h..##, ** .#
#.@@T.... * .# ###
#.##h..## .#
##.######.# .## * .#
##.#.......###.# * .#
#.###..........# *
.######.#.###########
** .)....##.## * * *
, ....#.##.# * *
....#.##.# ** ** * *


You could see Harold, a troll and 2 howler monkeys.

Vanquished Creatures
  2 two-headed ogres
  A water moccasin (D:7)
  An ice beast (D:5)
  2 sky beasts
  2 orc warriors
  A centaur (D:8)
  2 ogres
  2 phantoms
  A kobold brigand (D:8)
  A bullfrog (D:8)
  3 necrophages
  7 killer bees
  2 howler monkeys
  7 electric eels (D:8)
  3 jellies
  An orc priest (D:9)
  3 hounds
  A gnoll shaman (D:6)
  3 iguanas
  3 orc wizards
  3 gnolls (D:5)
  6 adders
  A white imp (D:7)
  A dart slug (D:2)
  14 orcs
  2 endoplasms
  2 giant cockroaches
  8 goblins
  4 hobgoblins
  4 jackals
  3 quokkas
  9 ball pythons
  3 bats
  5 frilled lizards
  13 kobolds
  5 rats
131 creatures vanquished.

Vanquished Creatures (others)
  10 plants (D:8)
10 creatures vanquished.

Grand Total: 141 creatures vanquished

Notes
Turn   | Place    | Note
-------+----------+-------------------------------------------
     0 | D:1      | Illumine the Meteoran Cinder Acolyte began the quest for
                  | the Orb.
     0 | D:1      | Reached XP level 1. HP: 19/19 MP: 3/3
   136 | D:2      | Reached XP level 2. HP: 23/26 MP: 5/5
   226 | D:2      | Learned a level 2 spell: Scorch
   246 | D:2      | Reached XP level 3. HP: 23/31 MP: 0/7
   247 | D:2      | Reached skill level 4 in Axes
   417 | D:2      | Reached XP level 4. HP: 37/40 MP: 8/8
   528 | D:3      | Noticed a necrophage
   531 | D:3      | Killed a necrophage
   532 | D:3      | Reached skill level 5 in Axes
   532 | D:3      | Reached XP level 5. HP: 46/46 MP: 3/9
   616 | D:3      | Found a hide-covered altar of Uskayaw.
   737 | D:5      | Entered Level 5 of the Dungeon
   761 | D:4      | Identified the +7 chain mail "Zups" {rElec Will+ Int+2}
   797 | D:4      | Found a radiant altar of Vehumet.
   876 | D:4      | Noticed a water moccasin
   994 | D:4      | Reached XP level 6. HP: 48/53 MP: 10/10
  1042 | D:4      | Reached skill level 1 in Armour
  1056 | D:4      | Noticed Menkaure
  1268 | D:5      | Reached skill level 6 in Axes
  1340 | D:5      | Reached XP level 7. HP: 55/60 MP: 12/12
  1457 | D:5      | Reached skill level 5 in Fighting
  1590 | D:5      | Reached skill level 7 in Axes
  1636 | D:5      | Reached XP level 8. HP: 44/68 MP: 11/13
  1698 | D:6      | Found a staircase to the Ecumenical Temple.
  1806 | D:6      | Reached skill level 8 in Axes
  1809 | D:6      | Found an opulent altar of Gozag.
  2208 | D:7      | Identified the ring of Gohaukuw {Ice rN+}
  2248 | D:7      | Found a stormy altar of Qazlal.
  2249 | D:7      | Found an ancient bone altar of Kikubaaqudgha.
  2249 | D:7      | Found a glowing golden altar of the Shining One.
  2327 | D:7      | Gained mutation: You passively map the area around you.
                  | [Meteoran growth]
  2327 | D:7      | Reached XP level 9. HP: 60/75 MP: 14/14
  2341 | D:7      | Reached skill level 9 in Axes
  2406 | D:7      | Reached skill level 5 in Armour
  2416 | D:8      | Noticed a two-headed ogre
  2428 | D:8      | Killed a two-headed ogre
  2429 | D:8      | Reached skill level 10 in Axes
  2508 | D:8      | Reached XP level 10. HP: 58/86 MP: 15/15
  2546 | D:8      | Found a basalt altar of Yredelemnul.
  2573 | D:8      | Reached skill level 11 in Axes
  2586 | D:8      | Noticed Grum
  2792 | D:9      | Found a shimmering altar of Xom.
  2831 | D:9      | Noticed Erolcha
  2963 | D:9      | Noticed a two-headed ogre
  2973 | D:9      | Killed a two-headed ogre
  2974 | D:9      | Reached skill level 12 in Axes
  3012 | D:9      | Noticed Harold
  3041 | D:9      | Slain by Harold

Illustrated notes

Levels and vault maps discovered:
D:1:      lemuel_arrival_lava_pool, layout_basic,
          dreamdust_ecumenical_altar_statues
D:2:      layout_basic, basic_altar, st_stairs_9
D:3:      layout_loops_ring, mainiacjoe_overflow_small_starburst,
          grunt_decor_mini_mirrors
D:4:      layout_rooms, fiery_altar_vehumet, minmay_manual_monstrance,
          uniq_menkaure
D:5:      layout_loops_ring
D:6:      layout_layer_cave, nicolae_overflow_crystal_walls, tgw_trog,
          minmay_temple_entry_stoned_glass, nicolae_shop_clearance
D:7:      layout_basic, minitemple, nicolae_overflow_quartered_altars,
          lightli_bailey_entry_fortress, small_statue_intersection,
          hangedman_decor_peaks_small, kennysheep_boxes
D:8:      minmay_gate_of_8, layout_rooms, mainiacjoe_overflow_24_doors,
          minmay_curled_crystal, chequers_big_river, minmay_crystal_water,
          uniq_grum
D:9:      layout_loops_ring, kennysheep_mini, uniq_erolcha, uniq_prince_ribbit1,
          uniq_harold

Skill      XL: |  1  2  3  4  5  6  7  8  9 10 |
---------------+-------------------------------+-----
Spellcasting   | 2 3 |  3.0
Axes           | 4 5 6 7 8 10 12 | 12.1
Fire Magic     | 4 |  4.5
Fighting       | 4 5 6 7 8 |  8.3
Armour         | 1 3 4 6 7 |  7.5
Shields        | 2 |  2.7

Action                   |  1- 3 |  4- 6 |  7- 9 | 10-12 || total
-------------------------+-------+-------+-------+-------++-------
Melee: Hand axe          |    48 |   105 |   233 |   137 ||   523
       Punch             |     1 |     1 |     2 |     3 ||     7
Throw: Dart              |       |       |     3 |     1 ||     4
 Cast: Scorch            |     4 |    12 |    12 |       ||    28
Invok: Fiery Armour      |       |     1 |     2 |     2 ||     5
       Rising Flame      |       |     1 |       |       ||     1
  Use: Potion            |       |     1 |       |     1 ||     2
       Scroll            |       |       |       |     5 ||     5
Armor: Robe              |    21 |     4 |       |       ||    25
       Chain mail        |       |    58 |   147 |    50 ||   255
Dodge: Dodged            |    32 |    41 |    71 |    32 ||   176

Table legend: (Time is in decaauts)
 A = Elapsed time spent in this place.
 B = Non-inter-level travel time spent in this place.
 C = Inter-level travel time spent in this place.
 D = Time resting spent in this place.
 E = Time spent auto-exploring this place.
 F = Levels seen in this place.
 G = Mean time per level.
                   A        B        C        D        E       F      G
               +--------+--------+--------+--------+--------+-----+--------+
         Total |   2992 |   2899 |     93 |    289 |   1081 |   9 |  332.4 |
       Dungeon |   2992 |   2899 |     93 |    289 |   1081 |   9 |  332.4 |
               +--------+--------+--------+--------+--------+-----+--------+

Top non-repeatable levels by time:
     D:5: 560 daAuts
     D:6: 435 daAuts
     D:2: 379 daAuts
     D:3: 375 daAuts
     D:4: 355 daAuts
     D:8: 348 daAuts
     D:9: 233 daAuts
     D:7: 224 daAuts
     D:1: 80 daAuts
